 Dungeon Crawl Stone Soup version 0.30-a0-358-g0d69a1922f (webtiles) character file.

Game seed: 17637787799139165709

2326 Lobster4 the Chiller (level 9, -13/68 HPs)
             Began as a Merfolk Ice Elementalist on Nov 8, 2022.
             Was a Believer of the Shining One.
             Killed from afar by Maggie (30 damage)
             ... with a bolt of fire
             ... on level 8 of the Dungeon.
             The game lasted 00:27:15 (7017 turns).

Lobster4 the Chiller (Merfolk Ice Elementalist)     Turns: 7017, Time: 00:27:16

Health: -13/68     AC:  6    Str: 12    XL:     9   Next: 42%
Magic:  4/16       EV: 13    Int: 20    God:    the Shining One [**....]
Gold:   419        SH:  0    Dex: 15    Spells: 10/17 levels left

rFire   . . .      SeeInvis .    a - +1 trident (flame)
rCold   . . .      Faith    .    (no shield)
rNeg    + . .      Spirit   .    G - +1 robe {Will+}
rPois   .          Reflect  .    (no helmet)
rElec   .          Harm     .    (no cloak)
rCorr   .          Rampage  .    y - +2 pair of gloves
Will    ++...                    (no boots)
Stlth   +.........               x - amulet of magic regeneration
HPRegen 0.31/turn                j - +6 ring of intelligence
MPRegen 0.55/turn                u - ring of willpower

@: freezing walls, glowing
A: (nimble swimmer 2), mertail
a: Renounce Religion, Divine Shield


You were on level 8 of the Dungeon.
You worshipped the Shining One.
The Shining One was pleased with you.
You visited 2 branches of the dungeon, and saw 11 of its levels.

You collected 419 gold pieces.

Inventory:

Hand Weapons
 a - a +1 trident of flaming (weapon)
 w - a +1 trident of venom
 B - a +2 spear
 E - a +1 shortbow of flaming
Missiles
 m - 6 poisoned darts (quivered)
Armour
 i - a +0 leather armour
 p - a +0 robe
 r - a +0 ring mail
 y - a +2 pair of gloves (worn)
 G - a +1 robe of willpower (worn)
Magical Staves
 l - a staff of air
 s - a staff of fire
Jewellery
 j - a +6 ring of intelligence (left hand)
 k - an amulet of the acrobat
 o - a ring of flight
 u - a ring of willpower (right hand)
 x - an amulet of magic regeneration (around neck)
Wands
 A - a wand of mindburst (6)
 F - a wand of charming (10)
Scrolls
 d - 3 scrolls of blinking
 q - 2 scrolls of enchant weapon
Potions
 b - a potion of magic
 c - a potion of cancellation
 e - a potion of brilliance
 f - 4 potions of curing {unknown}
 g - 3 potions of flight
 h - a potion of berserk rage
 n - 5 potions of mutation {unknown}
 t - 3 potions of might
 v - a potion of lignification
 z - a potion of ambrosia
 C - a potion of haste
 J - a potion of heal wounds
Miscellaneous
 D - a phantom mirror


   Skills:
 + Level 5.4 Fighting
 + Level 6.1 Polearms
 - Level 3.0 Throwing
 - Level 3.0 Armour
 - Level 3.0 Dodging
 - Level 3.0 Stealth
 + Level 4.8 Spellcasting
 + Level 7.0 Ice Magic
 - Level 3.0 Invocations
 - Level 3.0 Evocations


You had 10 spell levels left.
You knew the following spells:

 Your Spells              Type           Power      Damage    Failure   Level
a - Freeze                Ice            100%       1d10      1%          1
b - Frozen Ramparts       Ice            66%        1d10      1%          3
c - Ozocubu's Armour      Ice            33%        N/A       1%          3

Your spell library contained the following spells:

 Spells                   Type           Power      Damage    Failure   Level
 Ensorcelled Hibernation  Hex/Ice        36%        N/A       4%          2
 Magic Dart               Conj           16%        1d3       12%         1
 Slow                     Hex            16%        N/A       12%         1
 Call Imp                 Summ           4%         N/A       19%         2
 Searing Ray              Conj           8%         2d4       19%         2
 Static Discharge         Conj/Air       8%         2-3/arc   19%         2
 Summon Ice Beast         Ice/Summ       18%        N/A       28%         4
 Confusing Touch          Hex            4%         N/A       34%         3
 Mephitic Cloud           Conj/Pois/Air  4%         N/A       34%         3
 Spider Form              Tmut/Pois      4%         N/A       34%         3
 Vampiric Draining        Necr           4%         2d6       34%         3
 Vhi's Electric Charge    Tloc/Air       8%         N/A       34%         3
 Anguish                  Hex/Necr       2%         N/A       75%         4
 Fulminant Prism          Conj/Hex       2%         3d5       75%         4
 Arcjolt                  Conj/Air       2%         1d12      97%         5
 Lightning Bolt           Conj/Air       2%         1d13      97%         5


Dungeon Overview and Level Annotations

Branches:
Dungeon (10/15)            Temple (1/1) D:4
   Lair: D:8-11         Orc: D:9-12

Altars:
Ashenzari
Cheibriados
Dithmenos
Elyvilon
Fedhas
Gozag
Hepliaklqana
Kikubaaqudgha
Makhleb
Nemelex Xobeh
Okawaru
Qazlal
Ru
Sif Muna
Trog
Uskayaw
Wu Jian
Xom
Yredelemnul
Zin
The Shining One

Annotations:
D:3 Terence
D:5 Edmund, Sigmund
D:7 4 runed translucent doors, Crazy Yiuf; p00ps00p's ghost, novice HOFi
D:8 Maggie


Innate Abilities, Weirdness & Mutations

((You are very nimble when in or above water. (Stealth+, EV+, Speed+++)))
Your lower body shifts to a powerful aquatic tail in water.


Message History

Confirm with . or Enter, or press ? or * to list all spells.
Aiming: Freeze (safe; 1% risk of failure)
Press: ? - help, Shift-Dir - straight line, f - Maggie
Aim: Maggie, wielding a +2 morningstar of flaming, wearing +0 steam dragon scales and carrying a wand of roots (7) (lightly wounded, haloed)
You freeze Maggie.
Maggie is lightly wounded.
The wall freezes Maggie but does no damage.
Maggie barely misses you.
Casting: Freeze (safe; 1% risk of failure)
Confirm with . or Enter, or press ? or * to list all spells.
Aiming: Freeze (safe; 1% risk of failure)
Press: ? - help, Shift-Dir - straight line, f/p - Maggie
Aim: Maggie, wielding a +2 morningstar of flaming, wearing +0 steam dragon scales and carrying a wand of roots (7) (lightly wounded, haloed)
You freeze Maggie!
Maggie is moderately wounded.
The wall freezes Maggie.
Maggie hits you with a +2 morningstar of flaming.
Maggie burns you.
Casting: Freeze (safe; 1% risk of failure)
Confirm with . or Enter, or press ? or * to list all spells.
Aiming: Freeze (safe; 1% risk of failure)
Press: ? - help, Shift-Dir - straight line, f/p - Maggie
Aim: Maggie, wielding a +2 morningstar of flaming, wearing +0 steam dragon scales and carrying a wand of roots (7) (moderately wounded, haloed)
You freeze Maggie.
Maggie is moderately wounded.
The wall freezes Maggie.
Maggie gestures at you while chanting. The bolt of fire hits you.
* * * LOW HITPOINT WARNING * * *
Casting: Freeze (safe; 1% risk of failure)
Confirm with . or Enter, or press ? or * to list all spells.
Aiming: Freeze (safe; 1% risk of failure)
Press: ? - help, Shift-Dir - straight line, f/p - Maggie
Aim: Maggie, wielding a +2 morningstar of flaming, wearing +0 steam dragon scales and carrying a wand of roots (7) (heavily wounded, haloed)
You freeze Maggie.
Maggie is heavily wounded.
The wall freezes Maggie!
Maggie points at you and mumbles some strange words.
The bolt of fire hits you!!
You die...

############..#
#......@@)...#
.....$.)....##
...............
........../..#.
.............#
.............#
..$..........?.
..............#


You could see Maggie.

Vanquished Creatures
  Pikel (D:7)
  2 water moccasins
  A centaur (D:6)
  2 lemures (D:7)
  3 phantoms (D:5)
  2 bullfrogs
  A gnoll sergeant (D:7)
  2 scorpions
  4 wights (D:7)
  A howler monkey (D:5)
  3 hounds
  A jelly (D:5)
  5 orc priests
  5 iguanas
  6 orc wizards
  6 adders
  5 gnolls (D:7)
  A shadow imp (D:6)
  2 white imps
  2 ufetubi
  2 dart slugs
  30 orcs
  5 ball pythons
  4 endoplasms
  4 giant cockroaches
  10 goblins
  6 hobgoblins
  7 jackals
  6 kobolds
  3 quokkas
  2 bats
  2 frilled lizards
  5 rats
141 creatures vanquished.

Notes
Turn   | Place    | Note
-------+----------+-------------------------------------------
     0 | D:1      | Lobster4 the Merfolk Ice Elementalist began the quest for
                  | the Orb.
     0 | D:1      | Reached XP level 1. HP: 13/13 MP: 3/3
   317 | D:1      | Found a faded altar of an unknown god.
   714 | D:2      | Reached XP level 2. HP: 20/20 MP: 3/5
  1252 | D:2      | Reached XP level 3. HP: 25/25 MP: 6/6
  1257 | D:2      | Learned a level 3 spell: Frozen Ramparts
  1617 | D:2      | Reached skill level 1 in Fighting
  1793 | D:3      | Reached skill level 1 in Polearms
  2244 | D:3      | Noticed Terence
  2294 | D:3      | Reached XP level 4. HP: 27/31 MP: 4/7
  2401 | D:3      | Reached skill level 1 in Armour
  2725 | D:4      | Reached skill level 1 in Throwing
  2775 | D:4      | Reached XP level 5. HP: 38/38 MP: 6/8
  3598 | D:4      | Found an ornate altar of the Wu Jian Council.
  3631 | D:4      | Reached skill level 5 in Ice Magic
  3631 | D:4      | Reached XP level 6. HP: 10/44 MP: 4/10
  3854 | D:4      | Found a staircase to the Ecumenical Temple.
  3863 | Temple   | Entered the Ecumenical Temple
  3871 | Temple   | Became a worshipper of the Shining One
  4221 | D:5      | Entered Level 5 of the Dungeon
  4281 | D:5      | Noticed Edmund
  4354 | D:5      | Found a white marble altar of Elyvilon.
  4354 | D:5      | Noticed Sigmund
  4654 | D:5      | Reached skill level 1 in Invocations
  4654 | D:5      | Reached XP level 7. HP: 22/51 MP: 9/11
  5263 | D:5      | Learned a level 3 spell: Ozocubu's Armour
  5294 | D:6      | Reached * piety under the Shining One
  5299 | D:6      | Reached XP level 8. HP: 58/58 MP: 8/13
  5971 | D:6      | Reached skill level 6 in Ice Magic
  5971 | D:6      | Reached skill level 1 in Evocations
  6497 | D:7      | Reached skill level 5 in Polearms
  6577 | D:7      | Noticed Pikel
  6583 | D:7      | Reached XP level 9. HP: 66/66 MP: 11/15
  6592 | D:7      | Killed Pikel
  6593 | D:7      | Reached skill level 5 in Fighting
  6681 | D:7      | Found a runed translucent gate.
  6681 | D:7      | Found a runed translucent gate.
  6682 | D:7      | Found a runed translucent gate.
  6688 | D:7      | Noticed p00ps00p's ghost (novice HOFi)
  6850 | D:7      | Found a runed translucent door.
  6851 | D:7      | Noticed Crazy Yiuf
  6955 | D:7      | You fall into a shaft and drop 3 floors!
  6955 | D:10     | Entered Level 10 of the Dungeon
  6975 | D:9      | Noticed a boulder beetle
  6975 | D:9      | Noticed a troll
  6975 | D:9      | Reached ** piety under the Shining One
  7005 | D:8      | Noticed Maggie
  7008 | D:8      | Reached skill level 7 in Ice Magic
  7017 | D:8      | Killed from afar by Maggie

Illustrated notes

Levels and vault maps discovered:
D:1:      lightli_arrival_flooded_house, layout_loops_ring,
          dreamdust_ecumenical_altar_statues
D:2:      layout_basic
D:3:      minmay_angry_zag, layout_basic,
          nicolae_concentric_dashed_squares_wild, uniq_terence
D:4:      minmay_general_purpose_star, layout_gridville,
          nzn_wu_jian_contemplation, minmay_temple_entry_large_hall,
          palyth_stone_intersect, kennysheep_cluttered_room
D:5:      layout_loops_cross, elyvilon_altar_5, uniq_edmund, uniq_sigmund
D:6:      layout_gridville, kennysheep_generic_room_14
D:7:      layout_loops_ring, enter_bailey_3, ebering_ghost_rock_garden,
          uniq_crazy_yiuf_cottage, uniq_pikel
D:8:      nicolae_cairo_tiling_large_dashed, layout_rooms, fiery_altar_vehumet,
          gammafunk_ghost_nasty_kobolds, serial_shops, shop,
          minmay_gold_behind_fungi, uniq_maggie
D:9:      minmay_bloctagon, layout_loops_cross, serial_shops,
          kennysheep_mini_moat, nicolae_shop_advertising_works
          [nicolae_subvault_shop_adworks], shop, minmay_variable_closet,
          minivault_5
D:10:     layout_loops_ring
Temple:   nicolae_temple_bog_church

Skill      XL: |  1  2  3  4  5  6  7  8  9 |
---------------+----------------------------+-----
Dodging        | 3 |  3.0
Fighting       | 1 2 3 4 5 |  5.4
Polearms       | 1 2 3 5 6 |  6.1
Armour         | 1 2 3 |  3.0
Stealth        | 3 |  3.0
Throwing       | 1 2 3 |  3.0
Ice Magic      | 5 6 7 |  7.0
Spellcasting   | 3 4 |  4.8
Invocations    | 1 2 3 |  3.0
Evocations     | 2 3 |  3.0

Action                   |  1- 3 |  4- 6 |  7- 9 || total
-------------------------+-------+-------+-------++-------
Melee: Short sword       |    30 |       |       ||    30
       Trident           |    69 |    98 |    64 ||   231
       Punch             |       |     1 |     1 ||     2
       Spear             |       |       |     8 ||     8
Throw: Dart              |       |    21 |    18 ||    39
       Throwing net      |       |       |     1 ||     1
 Cast: Freeze            |    23 |    48 |    51 ||   122
       Frozen Ramparts   |       |     3 |    22 ||    25
       Ozocubu's Armour  |       |       |     5 ||     5
Evoke: Wand              |       |       |     3 ||     3
  Use: Scroll            |     3 |     4 |    11 ||    18
 Stab: Sleeping          |     3 |     2 |       ||     5
Armor: Leather armour    |    28 |    26 |    23 ||    77
       Robe              |       |       |     8 ||     8
Dodge: Dodged            |    63 |    70 |    80 ||   213

Table legend: (Time is in decaauts)
 A = Elapsed time spent in this place.
 B = Non-inter-level travel time spent in this place.
 C = Inter-level travel time spent in this place.
 D = Time resting spent in this place.
 E = Time spent auto-exploring this place.
 F = Levels seen in this place.
 G = Mean time per level.
                   A        B        C        D        E       F      G
               +--------+--------+--------+--------+--------+-----+--------+
         Total |   7016 |   6784 |    232 |   1200 |   4235 |  11 |  637.8 |
       Dungeon |   6899 |   6684 |    215 |   1200 |   4155 |  10 |  689.9 |
        Temple |    116 |     99 |     17 |      0 |     80 |   1 |  116.0 |
               +--------+--------+--------+--------+--------+-----+--------+

Top non-repeatable levels by time:
     D:4: 1382 daAuts
     D:5: 1076 daAuts
     D:3: 1021 daAuts
     D:2: 963 daAuts
     D:6: 843 daAuts
     D:7: 818 daAuts
     D:1: 732 daAuts
  Temple: 116 daAuts
     D:9: 24 daAuts
    D:10: 19 daAuts
     D:8: 16 daAuts
